 Dungeon Sprint DCSS version 0.20.1-1-g8b1a95d (webtiles) character file.

34 potatolord6000 the Skirmisher (level 3, 0/36 HPs)
             Began as a Minotaur Fighter on Sept 8, 2017.
             Was a Believer of Qazlal.
             Slain by a river rat (8 damage)
             ... in the Dungeon (Sprint VII: "The Pits").
             The game lasted 00:02:44 (318 turns).

potatolord6000 the Skirmisher (Minotaur Fighter)     Turns: 318, Time: 00:02:44

Health: 0/36       AC:  7    Str: 21    XL:     3   Next: 14%
Magic:  3/3        EV:  7    Int:  5    God:    Qazlal [**....]
Gold:   0          SH: 12    Dex:  9    Spells: 2/2 levels left

rFire    . . .     SeeInvis .   a - +0 long sword
rCold    . . .     Gourm    .   c - +0 shield
rNeg     . . .     Faith    .   b - +0 scale mail
rPois    .         Spirit   .   (helmet restricted)
rElec    .         Reflect  .   (no cloak)
rCorr    .         Harm     .   (no gloves)
MR       .....     NoTele   +   (no boots)
Stlth    ..........             (no amulet)
Regen    0.2/turn               (no ring)
MPRegen  0.1/turn               (no ring)

@: no status effects
A: retaliatory headbutt, horns 2
a: Upheaval, Renounce Religion


You were in the Dungeon.
You worshipped Qazlal.
Qazlal was pleased with you.
You were not hungry.

You visited 1 branch

Inventory:

Hand Weapons
 a - a +0 long sword (weapon)
Armour
 b - a +0 scale mail (worn)
 c - a +0 shield (worn)
Scrolls
 k - a scroll of blinking
 m - 3 scrolls of remove curse
 n - 5 scrolls of amnesia
 o - a scroll of summoning
Potions
 d - a potion of might
 e - a potion of curing
 g - a potion of heal wounds
 h - a potion of haste
 i - 4 potions of magic
 j - 3 potions of berserk rage
 l - 2 potions of invisibility
Comestibles
 f - 8 bread rations
 p - 40 fruits
 q - 7 meat rations


   Skills:
 + Level 5.0 Fighting
 + Level 4.2 Long Blades
 + Level 4.9 Armour
 + Level 4.8 Shields
 + Level 2.3 Invocations


You had 2 spell levels left.
You didn't know any spells.

Dungeon Overview and Level Annotations

Branches:
Dungeon (1/1)

Altars:
Ashenzari
Cheibriados
Dithmenos
Elyvilon
Fedhas
Gozag
Hepliaklqana
Kikubaaqudgha
Makhleb
Nemelex Xobeh
Okawaru
Qazlal
Ru
Sif Muna
Trog
Uskayaw
Vehumet
Xom
Yredelemnul
Zin
The Shining One
Beogh
Jiyva
Lugonu


Innate Abilities, Weirdness & Mutations

You reflexively headbutt those who attack you in melee.
You have a pair of horns on your head.


Message History

You block the big kobold's attack.
Unknown command.
You closely miss the big kobold.
The big kobold is moderately wounded.
The river rat bites you. The orc barely misses you. You furiously retaliate!
You headbutt the orc!
You kill the orc!
Qazlal accepts your kill. You block the big kobold's attack.
You block the river rat's attack.
You barely miss the big kobold.
The big kobold is moderately wounded.
The big kobold hits you but does no damage.
The kobold hits you but does no damage. The river rat bites you.
* * * LOW HITPOINT WARNING * * *
You block the big kobold's attack.
Unknown command.
You hit the big kobold but do no damage.
The big kobold is moderately wounded.
The kobold barely misses you. The river rat bites you!
You die...

##########.##..........
#...........'..........
#+#####'#####......#..#
#....)# #..........
#.....# ####'#####+
###'### #.......#
#.....# #.......#
#...(.# #.......#
####@## #...<...#
#..rKK...##.......#
#........##.......#
###########.......#
#########


You could see a big kobold, a river rat and a kobold.

Vanquished Creatures
  A worker ant (D)
  An orc (D)
  A giant cockroach (D)
  4 jackals (D)
  A kobold (D)
  A ball python (D)
9 creatures vanquished.

Notes
Turn   | Place    | Note
-------+----------+-------------------------------------------
     0 | D        | potatolord6000 the Minotaur Fighter began the quest for the Orb.
     0 | D        | Reached XP level 1. HP: 19/19 MP: 0/0
    43 | D        | Found a bloodstained altar of Trog.
    43 | D        | Found a deep blue altar of Sif Muna.
    43 | D        | Found a viscous altar of Jiyva.
    43 | D        | Found a hazy altar of Hepliaklqana.
    43 | D        | Found an opulent altar of Gozag.
    44 | D        | Found a glowing golden altar of the Shining One.
    44 | D        | Found a glowing silver altar of Zin.
    44 | D        | Found a basalt altar of Yredelemnul.
    44 | D        | Found a shimmering altar of Xom.
    44 | D        | Found a sacrificial altar of Ru.
    44 | D        | Found a stormy altar of Qazlal.
    44 | D        | Found an iron altar of Okawaru.
    44 | D        | Found a sparkling altar of Nemelex Xobeh.
    44 | D        | Found a burning altar of Makhleb.
    44 | D        | Found a blossoming altar of Fedhas.
    44 | D        | Found a white marble altar of Elyvilon.
    44 | D        | Found a shadowy altar of Dithmenos.
    44 | D        | Found a snail-covered altar of Cheibriados.
    47 | D        | Found a corrupted altar of Lugonu.
    47 | D        | Found a radiant altar of Vehumet.
    47 | D        | Found a roughly hewn altar of Beogh.
    48 | D        | Found an ancient bone altar of Kikubaaqudgha.
    48 | D        | Found a hide-covered altar of Uskayaw.
    48 | D        | Found a shattered altar of Ashenzari.
    53 | D        | Became a worshipper of Qazlal Stormbringer
    76 | D        | Reached skill level 4 in Fighting
    76 | D        | Reached * piety under Qazlal
    79 | D        | Reached skill level 1 in Invocations
    84 | D        | Reached XP level 2. HP: 9/27 MP: 1/1
   277 | D        | Reached ** piety under Qazlal
   282 | D        | Reached skill level 5 in Fighting
   282 | D        | Reached XP level 3. HP: 36/36 MP: 1/3
   310 | D        | Noticed a big kobold
   318 | D        | Slain by a river rat

Skill      XL: |  1  2 |
---------------+-------+-----
Long Blades    | 3 4 |  4.2
Fighting       | 4 5 |  5.0
Shields        | 4 |  4.8
Armour         | 4 |  4.9
Invocations    | 1 2 |  2.3

Action                   || total
-------------------------++-------
Melee: Long sword        ||    21
       Headbutt          ||     2
Armor: Scale mail        ||    26
Dodge: Dodged            ||    10
Block: Shield            ||    29
       Rpst.: Long sword ||     2
